 Dungeon Crawl Stone Soup version 0.24.0-35-gdb84b6a5db (webtiles) character file.

Game seed: 2523828012260952311, levelgen mode: deterministic

16 Ildaen the Covered (level 2, 0/27 HPs)
             Began as a Minotaur Fighter on Nov 20, 2019.
             Was an Initiate of Trog.
             Slain by Eustachio
             ... wielding a +0 rapier
              (6 damage)
             ... on level 5 of the Dungeon.
             The game lasted 00:05:04 (236 turns).

Ildaen the Covered (Minotaur Fighter)                Turns: 236, Time: 00:05:05

Health: 0/27       AC:  7    Str: 20    XL:     2   Next: 37%
Magic:  1/1        EV:  7    Int:  5    God:    Trog [......]
Gold:   0          SH:  9    Dex:  9    Spells: 1/1 levels left

rFire    . . .     SeeInvis .   a - +0 flail
rCold    . . .     Gourm    .   c - +0 shield
rNeg     . . .     Faith    .   b - +0 scale mail
rPois    .         Spirit   .   (helmet restricted)
rElec    .         Reflect  .   (no cloak)
rCorr    .         Harm     .   (no gloves)
MR       .....                  (no boots)
Stlth    ..........             (no amulet)
HPRegen  0.09/turn              (no ring)
MPRegen  0.07/turn              (no ring)

@: no status effects
A: retaliatory headbutt, horns 2
a: Renounce Religion


You were on level 5 of the Dungeon.
You worshipped Trog.
Trog was noncommittal.
You were not hungry.

You visited 2 branches of the dungeon, and saw 6 of its levels.

Inventory:

Hand Weapons
 a - a +0 flail (weapon)
Armour
 b - a +0 scale mail (worn)
 c - a +0 shield (worn)
Wands
 g - a wand of digging (5)
Potions
 d - a potion of might
 e - a potion of haste
 i - a potion of flight {unknown}
Comestibles
 f - a ration
 h - 3 chunks of flesh


   Skills:
 + Level 3.8 Fighting
 + Level 3.0 Maces & Flails
 + Level 4.0 Armour
 + Level 3.7 Shields


You had one spell level left.
You didn't know any spells.
Your spell library was empty.

Dungeon Overview and Level Annotations

Branches:
Dungeon (5/15)             Temple (1/1) D:4

Altars:
Cheibriados
Gozag
Kikubaaqudgha
Nemelex Xobeh
Qazlal
Sif Muna
Trog
Vehumet
Wu Jian
Xom
Yredelemnul
Zin

Annotations:
D:5 Eustachio


Innate Abilities, Weirdness & Mutations

You reflexively headbutt those who attack you in melee.
You have a pair of horns on your head.


Message History

You hit the hound skeleton.
Your headbutt misses the hound skeleton.
The hound skeleton is moderately damaged.
Eustachio casts a spell.
Eustachio blinks!
The hound skeleton bites you but does no damage.
Eustachio mumbles some strange words.
You barely miss the hound skeleton.
The hound skeleton is moderately damaged.
You block the hound skeleton's attack.
Eustachio casts a spell.
The hound skeleton bites you but does no damage.
The crimson imp blinks!
Eustachio mumbles some strange words.
Eustachio blinks!
Your shield and scale mail prevent you from hitting the hound skeleton.
The hound skeleton is moderately damaged.
The hound skeleton bites you but does no damage.
Eustachio hits you with a +0 rapier.
You die...

#.. ..........
..##..........
.............
....5.§.....
#..5.....$..
##...........
#............
#=...Z@......
#.#<÷@....>..
##......5..
...##.#.#..
###.# ./.# #..
..# ##. ....
## #(.. ...


You could see Eustachio, a crimson imp, a shadow imp, an ufetubus and a hound
skeleton.

Vanquished Creatures
  A leopard gecko (D:4)
  4 orcs
  3 jackals (D:5)
  A kobold (D:1)
9 creatures vanquished.

Notes
Turn   | Place    | Note
-------+----------+-------------------------------------------
     0 | D:1      | Ildaen the Minotaur Fighter began the quest for the Orb.
     0 | D:1      | Reached XP level 1. HP: 19/19 MP: 0/0
    82 | D:4      | Found a staircase to the Ecumenical Temple.
    88 | D:4      | Reached XP level 2. HP: 26/27 MP: 1/1
    96 | Temple   | Entered the Ecumenical Temple
   142 | Temple   | Became a worshipper of Trog the Wrathful
   216 | D:5      | Entered Level 5 of the Dungeon
   219 | D:5      | Reached skill level 4 in Armour
   222 | D:5      | Noticed Eustachio
   235 | D:5      | Noticed a crimson imp
   236 | D:5      | Slain by Eustachio

Levels and vault maps discovered:
D:1:      nicolae_arrival_washed_ashore, layout_loops_cross,
          chequers_serial_rivers_small_a, minmay_lizard_king
D:2:      layout_rooms, first_ration
D:3:      layout_loops_corners, minmay_misc_feat_five
D:4:      minmay_octagon_keep, layout_basic, kennysheep_little_box,
          minmay_temple_entry_nine_rooms, serial_shops, nicolae_shop_crystal,
          shop, nicolae_shop_behind_doors, columned_hall_lemuel,
          grunt_ministairs_6
D:5:      layout_rooms, sigmund_edmund_badplayer, uniq_blork_the_orc,
          uniq_eustachio
Temple:   eino_narrow_crystal_temple

Skill      XL: |  1  2 |
---------------+-------+-----
Maces & Flails | 3 |  3.0
Armour         | 4 |  4.0
Fighting       | |  3.8
Shields        | |  3.7

Action                   || total
-------------------------++-------
Melee: Flail             ||    40
       Headbutt          ||     2
Armor: Scale mail        ||    15
Dodge: Dodged            ||    10
Block: Shield            ||    23
